 Dungeon Crawl Stone Soup version 0.27.1 (webtiles) character file.

Game seed: 336370104557666069

2294 nxtlvl the Cleaver (level 9, -5/78 HPs)
             Began as a White Draconian Berserker on Aug 23, 2021.
             Was a Believer of Trog.
             Killed by divine providence
             ... invoked by an orc priest
              (10 damage)
             ... on level 9 of the Dungeon.
             The game lasted 00:12:26 (1425 turns).

nxtlvl the Cleaver (White Draconian Berserker)      Turns: 1425, Time: 00:12:27

Health: -5/78      AC:  7    Str: 21    XL:     9   Next: 17%
Magic:  9/9        EV: 15    Int:  7    God:    Trog [**....]
Gold:   231        SH:  0    Dex: 19    Spells: 8/8 levels left

rFire    . . .     SeeInvis .   a - +0 hand axe
rCold    + . .     Faith    .   (no shield)
rNeg     . . .     Spirit   .   (armour unavailable)
rPois    .         Reflect  .   (helmet restricted)
rElec    .         Harm     .   (no cloak)
rCorr    .         Rampage  .   (no gloves)
Will     ++...                  (no boots)
Stlth    ++........             (no amulet)
HPRegen  1.23/turn              u - +6 ring of dexterity
MPRegen  0.11/turn              (no ring)

@: strong-willed, on berserk cooldown, regenerating, slowed, very slow
A: breathe frost, AC +7, unfitting armour, cold resistance 1, cold-blooded
a: Breathe Frost, Renounce Religion, Berserk, Trog's Hand


You were on level 9 of the Dungeon.
You worshipped Trog.
Trog was pleased with you.
You visited 1 branch of the dungeon, and saw 10 of its levels.

You collected 231 gold pieces.

Inventory:

Hand Weapons
 a - a +0 hand axe (weapon)
 b - a +2 hand crossbow of flaming
Missiles
 c - 48 arrows
 d - 3 curare-tipped darts (quivered)
 f - 47 poisoned darts
 j - 76 bolts
 m - 21 sling bullets
Jewellery
 u - a +6 ring of dexterity (left hand)
Wands
 v - a wand of flame (23)
 y - a wand of iceblast (7)
Scrolls
 e - 5 scrolls of identify {unknown}
 h - a scroll of vulnerability {unknown}
 i - a scroll of torment {unknown}
 k - a scroll of summoning {unknown}
 l - a scroll of fear {unknown}
 n - a scroll of brand weapon {unknown}
 q - 3 scrolls of teleportation {unknown}
 t - a scroll of enchant weapon {unknown}
 w - 2 scrolls of enchant armour {unknown}
Potions
 g - 2 potions of resistance {unknown}
 o - a potion of attraction {unknown}
 p - 2 potions of curing {unknown}
 r - a potion of degeneration {unknown}
 s - 2 potions of brilliance {unknown}
 x - 2 potions of invisibility {unknown}
 z - a potion of might {unknown}


   Skills:
 + Level 6.8 Fighting
 * Level 10.0 Axes
 + Level 5.6 Dodging


You had 8 spell levels left.
You didn't know any spells.
Your spell library was empty.

Dungeon Overview and Level Annotations

Branches:
Dungeon (10/15)
 Temple: D:4-7         Lair: D:8-11         Orc: D:9-12

Altars:
Cheibriados
Dithmenos
Elyvilon
Vehumet
Wu Jian

Shops:
D:5 (

Annotations:
D:9 2 transporters, suduhmizer's ghost, novice DDFi


Innate Abilities, Weirdness & Mutations

You can breathe waves of freezing cold which knock back foes.
Your icy white scales are hard. (AC +7)
You cannot fit into any form of body armour.
Your flesh is cold resistant. (rC+)
You are cold-blooded and may be slowed by cold attacks.


Message History

You feel less confused.
The orc priest begins to cast a cantrip, but forgets the words!
The orc priest hits you with a +0 short sword.
The orc warrior hits you with a +0 hand axe!
The orc wizard gestures wildly while chanting.
The orc wizard flickers and vanishes!
Deactivating autopickup; reactivate with Ctrl-A.
The orc priest calls down the wrath of Beogh upon you.
Beogh smites you!
The orc wizard casts a spell.
The orc wizard flickers and vanishes!
The orc priest misses you. The orc priest barely misses you.
The orc warrior hits you with a +0 hand axe!
There is a stone staircase leading up, spattered with blood here.
You hear some strange, mumbled words.
A puff of flame appears from out of thin air!
The puff of flame misses you.
The orc priest invokes the aid of Beogh against you.
Pain shoots through your body!
You climb upwards.
Level annotation: 2 transporters, suduhmizer's ghost, novice DDFi Reactivating autopickup.
There is a stone staircase leading down here.
You slash the orc priest!
You tail-slap the orc priest, but do no damage.
The orc priest is severely wounded.
You hit the orc warrior.
The orc warrior hits you with a +0 hand axe!
* * * LOW HITPOINT WARNING * * *
The orc priest misses you.
The orc warrior hits you with a +0 hand axe!
* * * LOW HITPOINT WARNING * * *
Your skin crawls.
You feel strong-willed.
The orc priest hits you but does no damage.
The orc warrior hits you with a +0 hand axe!
* * * LOW HITPOINT WARNING * * *
The orc priest invokes the aid of Beogh against you.
Beogh smites you!
You die...

+########...# #.#
........########.#
Z................#######
........................#
........................#
.....<..........[.......#
.#######................#
#.....o..........#
#.....@o.........#
#......###########
########


You could see an orc warrior and an orc priest.

Vanquished Creatures
  2 two-headed ogres
  The ghost of horus123 the Skirmisher, an amateur DsAK of Lugonu (D:4)
  A water moccasin (D:7)
  An orc warrior (D:8)
  A hornet zombie (D:8)
  A black bear (D:7)
  A sky beast (D:6)
  A centaur (D:8)
  A kobold brigand (D:6)
  3 killer bees (D:8)
  An orc priest (D:8)
  A killer bee zombie (D:8)
  3 adders
  A white imp (D:8)
  An adder skeleton (D:4)
  A dart slug (D:1)
  7 orcs
  3 bats (D:1)
  2 endoplasms
  4 goblins
  3 hobgoblins
  6 kobolds
  A ball python (D:1)
  3 frilled lizards
50 creatures vanquished.

Vanquished Creatures (others)
  A fungus (D:3)
  A plant (D:3)
  2 withered plants (D:5)
4 creatures vanquished.

Grand Total: 54 creatures vanquished

Notes
Turn   | Place    | Note
-------+----------+-------------------------------------------
     0 | D:1      | nxtlvl the Draconian Berserker began the quest for the Orb.
     0 | D:1      | Reached XP level 1. HP: 19/19 MP: 1/1
   129 | D:1      | Reached XP level 2. HP: 25/26 MP: 2/2
   256 | D:3      | Found a snail-covered altar of Cheibriados.
   266 | D:3      | Found a faded altar of an unknown god.
   298 | D:3      | Reached skill level 4 in Axes
   300 | D:3      | Reached XP level 3. HP: 31/31 MP: 3/3
   378 | D:4      | Found a radiant altar of Vehumet.
   439 | D:4      | Found a runed translucent door.
   441 | D:4      | Noticed horus123's ghost (amateur DsAK)
   446 | D:4      | Reached ** piety under Trog
   452 | D:4      | Killed horus123's ghost
   453 | D:4      | Reached skill level 6 in Axes
   453 | D:4      | Reached XP level 4. HP: 36/38 MP: 4/4
   453 | D:4      | Reached XP level 5. HP: 42/45 MP: 5/5
   644 | D:5      | Entered Level 5 of the Dungeon
   644 | D:5      | Found Lyppocw's Weapon Shoppe.
   663 | D:6      | Noticed a sky beast
   672 | D:6      | Reached XP level 6. HP: 51/51 MP: 6/6
   675 | D:6      | Killed a sky beast
   789 | D:8      | Reached skill level 7 in Axes
   834 | D:8      | Your scales start taking on an icy white colour.
   834 | D:8      | Reached XP level 7. HP: 37/59 MP: 7/7
   834 | D:8      | Gained mutation: Your flesh is cold resistant. (rC+) [White
                  | Draconian growth]
  1004 | D:7      | Found an ornate altar of the Wu Jian Council.
  1072 | D:8      | Found a white marble altar of Elyvilon.
  1091 | D:8      | Found a shadowy altar of Dithmenos.
  1192 | D:8      | Noticed a two-headed ogre
  1205 | D:8      | Killed a two-headed ogre
  1206 | D:8      | Reached skill level 5 in Fighting
  1206 | D:8      | Reached skill level 9 in Axes
  1206 | D:8      | Reached XP level 8. HP: 70/70 MP: 8/8
  1254 | D:8      | Reached skill level 5 in Dodging
  1338 | D:9      | Noticed suduhmizer's ghost (novice DDFi)
  1338 | D:9      | Noticed a two-headed ogre
  1338 | D:9      | Found a transporter.
  1347 | D:9      | Killed a two-headed ogre
  1348 | D:9      | Reached skill level 10 in Axes
  1348 | D:9      | Reached XP level 9. HP: 78/78 MP: 9/9
  1354 | D:9      | Found a transporter.
  1409 | D:10     | Entered Level 10 of the Dungeon
  1425 | D:9      | Killed from afar by an orc priest

Illustrated notes

Levels and vault maps discovered:
D:1:      dpeg_arrival_fog, layout_basic, serial_bayou_lagoon_a
D:2:      layout_loops_ring, basic_altar
D:3:      layout_loops_ring, mainiacjoe_overflow_alcove_2,
          dreamdust_ecumenical_altar_grove
D:4:      layout_layer_cave, vehumet_crystals, lemuel_temple_firewalk_b,
          ebering_ghost_sewer_d, uniq_blork_the_orc
D:5:      layout_basic, serial_undead, serial_undead_b, serial_undead_f,
          serial_undead_c, serial_undead_e, serial_shops, nicolae_stop_n_shop_2
D:6:      layout_basic
D:7:      layout_rooms, nicolae_wu_jian_wuxing_cycle, minmay_holes
D:8:      layout_gridville, kennysheep_mini, elyvilon_altar_4
D:9:      layout_irregular_city, worldfamousw_hep_ancestral_shrine,
          gammafunk_ghost_arena, minmay_joined_circles
D:10:     layout_rooms, mainiacjoe_overflow_big_doors, enter_bailey_3

Skill      XL: |  1  2  3  4  5  6  7  8 |
---------------+-------------------------+-----
Axes           | 4 6 7 9 10 | 10.0
Dodging        | 3 4 5 |  5.6
Fighting       | 4 5 6 |  6.8

Action                   |  1- 3 |  4- 6 |  7- 9 || total
-------------------------+-------+-------+-------++-------
Melee: Hand axe          |    58 |    37 |    46 ||   141
       Tailslap          |     5 |     6 |    14 ||    25
 Fire: Hand crossbow     |       |     2 |       ||     2
Throw: Dart              |       |       |     3 ||     3
Invok: Berserk           |     2 |     3 |     6 ||    11
       Trog's Hand       |       |       |     1 ||     1
 Abil: Breathe Frost     |       |       |     5 ||     5
 Stab: Sleeping          |     1 |       |       ||     1
Armor: Skin              |    14 |     9 |     7 ||    30
Dodge: Dodged            |    22 |    27 |    25 ||    74
